Workbook
Name BalCapital: Drivers!$N$38:$P$38
Name BalCapital: #REF!
Name BalCost: Drivers!$V$42:$X$42
Name BalCost: #REF!
Name BalGain: Drivers!$V$40:$X$40
Name BalGain: #REF!
Name BalMultiplier: Drivers!#REF!
Name BalMultiplier: #REF!
Name BalOverhead: Drivers!#REF!
Name BalOverhead: #REF!
Name BalROE: Drivers!$N$36:$P$36
Name BalROE: #REF!
Name BalServicing: Drivers!#REF!
Name BalServicing: #REF!
Name BalYears: Drivers!$V$44:$X$44
Name BalYears: #REF!
Name BalYield: Drivers!$N$34:$P$34
Name BalYield: #REF!
Name OnHandMonetizeBusiness: Drivers!#REF!
Name OnHandMonetizeBusiness: #REF!
Name OrigApplication: Drivers!$N$14:$P$14
Name OrigApplication: #REF!
Name OrigCommissions: Drivers!$R$20:$T$20
Name OrigCommissions: #REF!
Name OrigGain: Drivers!$R$29:$T$29
Name OrigGain: #REF!
Name OriginateMonetizeBusiness: Drivers!#REF!
Name OriginateMonetizeBusiness: #REF!
Name OriginateSellBusiness: Drivers!#REF!
Name OriginateSellBusiness: #REF!
Name OriginateSellHome: Drivers!#REF!
Name OriginateSellHome: #REF!
Name OrigInterest: Drivers!$R$27:$T$27
Name OrigInterest: #REF!
Name OrigMonths: Drivers!#REF!
Name OrigMonths: #REF!
Name OrigOrigination: Drivers!$N$16:$P$16
Name OrigOrigination: #REF!
Name OrigOverhead: Drivers!$R$24:$T$24
Name OrigOverhead: #REF!
Name OrigReferral: Drivers!$R$18:$T$18
Name OrigReferral: #REF!
Name OrigServicing: Drivers!$R$22:$T$22
Name OrigServicing: #REF!

Sheet ℹ️ 
A1: info
D5: This model generates Operating Income along 5 dimensions:
D8: Drivers | E8: Income | F8: KPIs & Analysis
D9: Loan volume | E9: Revenue | F9: Origination margin
D10: Fixed costs | E10: Cost of sales | F10: Breakeven volume
D11: Product specs | E11: Variable costs | F11: NIR ratio
D12: Fees | E12: Direct costs | F12: HHI index
D13: Interest | E13: Indirect cost | F13: Driver sensitivity
D14: Principal | E14: Oper. Income | F14: Volume split
D15: Summary table | E15: Oper. Margin | F15: Op. Income split
D25: Note: Model is populated with sample data. Select > Delete to clear driver cells.

Sheet Drivers
A2: info
C4: Drivers
BL6: Int | BM6: Sale | BN6: App | BO6: Orig | BP6: Svc | BQ6: Ref | BR6: Comm | BS6: OH | BV6: Mult | BW6: Int | BX6: Sale | BY6: App | BZ6: Orig | CA6: Svc | CB6: Ref | CC6: Comm | CD6: OH | CF6: Sensitivity tables | CP6: Sensitivity graph selector | CU6: Sensitivity calculation | DA6: Sensitivity graph | DE6: Loan vol graph | DM6: Op inc graph | DT6: Interest graph
C7: Legend | E7: Volume | F7: Originate | G7: Originate | H7: Originate | I7: On-hand | K7: Product Specs | R7: Originations | V7: On-hand | Z7: Summary | BJ7: Or | BK7: F | BL7: =(F$14*$F$16)*R27*(R31/12) -> 1.35 | BM7: =(F$14*$F$16)*R29 -> 2.16 | BN7: =(F$14*$F$16)*R18 -> 0.54 | BO7: =(F$14*$F$16)*R20 -> 0.648 | BP7: =(F$14*$F$16)*N14*(R31/12) -> 0.4131 | BQ7: =(F$14*$F$16)*R22 -> 0.27 | BR7: =(F$14*$F$16)*R24 -> 0.54 | BS7: =(F$14*$F$16)*N16 -> 1.62 | BT7: Or | BU7: F | BV7: =((N34-N36*N38)+(R40-R42)/R44) -> 0.05435 | BW7: =($H14*H16)*BV7 -> 4.212125 | BY7: =($H14*H16)*R18 -> 0.775 | BZ7: =($H14*H16)*R20 -> 0.93 | CA7: =(H$14*$H$16)*N14*(R31/12) -> 0.592875 | CB7: =($H14*H16)*R22 -> 0.3875 | CC7: =($H14*H16)*R24 -> 0.775 | CD7: =($H14*H16)*N16 -> 2.325 | CG7: =CW18 -> 1.8041995 | CH7: Int | CJ7: =CW18 -> 1.8041995 | CK7: Svc | CM7: =CW18 -> 1.8041995 | CN7: OH | CP7: 1 | CQ7: Split | CR7: Lookup | CS7: Column | CU7: Metric | CV7: Row | CW7: Value | CX7: Slope | CY7: Rank | DA7: Metric | DB7: Num | DC7: Val | DE7: Bar 1 | DF7: Bar 2 | DG7: Bar 3 | DH7: Val 1 | DI7: Val 2 | DJ7: Val 3 | DM7: Bar 1 | DN7: Bar 2 | DO7: Bar 3 | DP7: Val 1 | DQ7: Val 2 | DR7: Val 3 | DT7: Bar 1 | DU7: Bar 2 | DV7: Bar 3 | DW7: Val 1 | DX7: Val 2 | DY7: Val 3
AB8: $ mil | AD8: % Vol | BJ8: S | BK8: Co | BL8: =(F$14*$F$18)*S27*(S31/12) -> 1.295616 | BM8: =(F$14*$F$18)*S29 -> 1.85088 | BN8: =(F$14*$F$18)*S18 -> 0.46272 | BO8: =(F$14*$F$18)*S20 -> 0.69408 | BP8: =(F$14*$F$18)*O14*(S31/12) -> 0.40488 | BQ8: =(F$14*$F$18)*S22 -> 0.23136 | BR8: =(F$14*$F$18)*S24 -> 0.46272 | BS8: =(F$14*$F$18)*O16 -> 1.38816 | BT8: M | BU8: Co | BV8: =((O34-O36*O38)+(S40-S42)/S44) -> 0.05935 | BW8: =($H14*H18)*BV8 -> 5.786625 | BY8: =($H14*H18)*S18 -> 0.975 | BZ8: =($H14*H18)*S20 -> 1.4625 | CA8: =(H$14*$H$16)*O14*(S31/12) -> 0.678125 | CB8: =($H14*H18)*S22 -> 0.4875 | CC8: =($H14*H18)*S24 -> 0.975 | CD8: =($H14*H18)*O16 -> 2.925 | CF8: 1 | CG8: 24.279545 | CH8: =CG8/CG7 -> 13.45724 | CI8: 1 | CJ8: 5.9121999 | CK8: =CJ8/CJ7 -> 3.2769103 | CL8: 1 | CM8: -24.236761 | CN8: =CM8/CM7 -> -13.433526 | CP8: =IF(CP7=1,"⊳","") -> ⊳ | CQ8: Originate | CR8: 1 | CS8: e | CU8: Interest | CV8: 10 | CW8: {=(1+CF7)*INDIRECT("income!"&VLOOKUP($CP$7,$CR$8:$CS$13,2,FALSE)&CV8)} -> 22.475346 | CX8: =SLOPE(CH8:CH9,CF8:CF9)+0.000001 -> 12.457241 | CY8: =RANK(CX8,$CX$8:$CX$17) -> 1 | DA8: =INDEX($CU$8:$CU$17,MATCH(DB8,$CY$8:$CY$17,0)) -> Interest | DB8: 1 | DC8: =INDEX($CX$8:$CX$17,MATCH(DB8,$CY$8:$CY$17,0)) -> 12.457241 | DE8: Orig | DF8: OnHand | DH8: =SUM(Income!E8:E9)/DH13 -> 0.625 | DI8: =SUM(Income!F8:F9)/DH13 -> 0.375 | DM8: Orig | DN8: OnHand | DP8: =(Income!E24) -> 1.8041995 | DQ8: =(Income!F24) -> 5.0620909 | DT8: Orig | DU8: OnHand | DW8: =(Income!E10)/DW13 -> 0.56431945 | DX8: =(Income!F10)/DW13 -> 0.43568055
F9: Sell | G9: Sell | H9: Monetize | I9: Monetize | BJ9: H | BK9: J | BL9: =(F$14*$F$20)*T27*(T31/12) -> 1.74048 | BM9: =(F$14*$F$20)*T29 -> 1.98912 | BN9: =(F$14*$F$20)*T18 -> 0.49728 | BO9: =(F$14*$F$20)*T20 -> 0.646464 | BP9: =(F$14*$F$20)*P14*(T31/12) -> 0.4624704 | BQ9: =(F$14*$F$20)*T22 -> 0.24864 | BR9: =(F$14*$F$20)*T24 -> 0.74592 | BS9: =(F$14*$F$20)*P16 -> 4.9728 | BT9: B | BU9: J | BV9: =((P34-P36*P38)+(T40-T42)/T44) -> 0.0687 | BW9: =($H14*H20)*BV9 -> 5.1525 | BY9: =($H14*H20)*T18 -> 0.75 | BZ9: =($H14*H20)*T20 -> 0.975 | CA9: =(H$14*$H$20)*P14*(T31/12) -> 0.6975 | CB9: =($H14*H20)*T22 -> 0.375 | CC9: =($H14*H20)*T24 -> 1.125 | CD9: =($H14*H20)*P16 -> 7.5 | CF9: 2 | CG9: 46.754891 | CH9: =CG9/CG7 -> 25.91448 | CI9: 2 | CJ9: 10.0202 | CK9: =CJ9/CJ7 -> 5.5538206 | CL9: 2 | CM9: -50.277721 | CN9: =CM9/CM7 -> -27.867052 | CP9: =IF(CP7=2,"⊳","") | CQ9: On-hand | CR9: 2 | CS9: f | CU9: Gain on sale | CV9: 11 | CW9: {=(1+CF10)*INDIRECT("income!"&VLOOKUP($CP$7,$CR$8:$CS$13,2,FALSE)&CV9)} -> 10 | CX9: =SLOPE(CH11:CH12,CF11:CF12)+0.000002 -> 5.5426263 | CY9: =RANK(CX9,$CX$8:$CX$17) -> 2 | DA9: =INDEX($CU$8:$CU$17,MATCH(DB9,$CY$8:$CY$17,0)) -> Gain on sale | DB9: 2 | DC9: =INDEX($CX$8:$CX$17,MATCH(DB9,$CY$8:$CY$17,0)) -> 5.5426263 | DE9: Sell | DF9: Mon | DH9: =SUM(Income!H8:H9)/DH13 -> 0.3125 | DI9: =SUM(Income!I8:I9)/DH13 -> 0.6875 | DM9: Sell | DN9: Mon | DP9: =(Income!H24) -> -1.7414596 | DQ9: =(Income!I24) -> 8.60775 | DT9: Sell | DU9: Mon | DW9: =(Income!H10)/DW13 -> 0.18389616 | DX9: =(Income!I10)/DW13 -> 0.81610384
Z10: Origination vol. | AB10: =Income!V8 -> 500 | AD10: =AB10/SUM(AB$10:AB$12) -> 0.625 | BK10: R | BL10: =$F22*SUM(BL$7:BL$9) -> 1.9298822 | BM10: =$F22*SUM(BM$7:BM$9) -> 2.64 | BN10: =$F22*SUM(BN$7:BN$9) -> 0.66 | BO10: =$F22*SUM(BO$7:BO$9) -> 0.87495936 | BP10: =$F22*SUM(BP$7:BP$9) -> 0.56339818 | BQ10: =$F22*SUM(BQ$7:BQ$9) -> 0.33 | BR10: =$F22*SUM(BR$7:BR$9) -> 0.7694016 | BS10: =$F22*SUM(BS$7:BS$9) -> 3.5116224 | BU10: R | BW10: =$H22*SUM(BW$7:BW$9) -> 3.939325 | BY10: =$H22*SUM(BY$7:BY$9) -> 0.65 | BZ10: =$H22*SUM(BZ$7:BZ$9) -> 0.87555 | CA10: =$H22*SUM(CA$7:CA$9) -> 0.51181 | CB10: =$H22*SUM(CB$7:CB$9) -> 0.325 | CC10: =$H22*SUM(CC$7:CC$9) -> 0.7475 | CD10: =$H22*SUM(CD$7:CD$9) -> 3.315 | CG10: =CW18 -> 1.8041995 | CH10: Gain | CJ10: =CW18 -> 1.8041995 | CK10: Ref | CM10: =CW18 -> 1.8041995 | CN10: Dir | CP10: =IF(CP7=3,"⊳","") | CQ10: Sell | CR10: 3 | CS10: h | CU10: Application fee | CV10: 12 | CW10: {=(1+CF13)*INDIRECT("income!"&VLOOKUP(CP7,CR8:CS13,2,FALSE)&CV10)} -> 5 | CX10: =SLOPE(CH14:CH15,CF14:CF15)+0.000003 -> 2.7713152 | CY10: =RANK(CX10,$CX$8:$CX$17) -> 4 | DA10: =INDEX($CU$8:$CU$17,MATCH(DB10,$CY$8:$CY$17,0)) -> Origination fee | DB10: 3 | DC10: =INDEX($CX$8:$CX$17,MATCH(DB10,$CY$8:$CY$17,0)) -> 3.7119239 | DE10: Home | DF10: Bus | DH10: =SUM(Income!K8:K9)/DH13 -> 0.1875 | DI10: =SUM(Income!L8:L9)/DH13 -> 0.8125 | DM10: Home | DN10: Bus | DP10: =(Income!K24) -> -2.5045096 | DQ10: =(Income!L24) -> 9.3708 | DT10: Home | DU10: Bus | DW10: =(Income!K10)/DW13 -> 0.11012775 | DX10: =(Income!L10)/DW13 -> 0.88987225
F11: Home | G11: Business | H11: Business | I11: Business | N11: FHA | O11: Conform | P11: Jumbo | R11: FHA | S11: Conform | T11: Jumbo | V11: FHA | W11: Conform | X11: Jumbo | BK11: W | BL11: =$F24*SUM(BL$7:BL$9) -> 1.140385 | BM11: =$F24*SUM(BM$7:BM$9) -> 1.56 | BN11: =$F24*SUM(BN$7:BN$9) -> 0.39 | BO11: =$F24*SUM(BO$7:BO$9) -> 0.51702144 | BP11: =$F24*SUM(BP$7:BP$9) -> 0.3329171 | BQ11: =$F24*SUM(BQ$7:BQ$9) -> 0.195 | BR11: =$F24*SUM(BR$7:BR$9) -> 0.4546464 | BS11: =$F24*SUM(BS$7:BS$9) -> 2.0750496 | BU11: W | BW11: =$H24*SUM(BW$7:BW$9) -> 6.5150375 | BY11: =$H24*SUM(BY$7:BY$9) -> 1.075 | BZ11: =$H24*SUM(BZ$7:BZ$9) -> 1.448025 | CA11: =$H24*SUM(CA$7:CA$9) -> 0.846455 | CB11: =$H24*SUM(CB$7:CB$9) -> 0.5375 | CC11: =$H24*SUM(CC$7:CC$9) -> 1.23625 | CD11: =$H24*SUM(CD$7:CD$9) -> 5.4825 | CF11: 1 | CG11: 11.804199 | CH11: =CG11/CG10 -> 6.5426243 | CI11: 1 | CJ11: -0.69580051 | CK11: =CJ11/CJ10 -> -0.38565608 | CL11: 1 | CM11: -2.4333005 | CN11: =CM11/CM10 -> -1.3486871 | CP11: =IF(CP7=4,"⊳","") | CQ11: Monetize | CR11: 4 | CS11: i | CU11: Origination fee | CV11: 13 | CW11: {=(1+CF16)*INDIRECT("income!"&VLOOKUP(CP7,CR8:CS13,2,FALSE)&CV11)} -> 6.697044 | CX11: =SLOPE(CH17:CH18,CF17:CF18)+0.000004 -> 3.7119239 | CY11: =RANK(CX11,$CX$8:$CX$17) -> 3 | DA11: =INDEX($CU$8:$CU$17,MATCH(DB11,$CY$8:$CY$17,0)) -> Application fee | DB11: 4 | DC11: =INDEX($CX$8:$CX$17,MATCH(DB11,$CY$8:$CY$17,0)) -> 2.7713152 | DE11: FHA | DF11: Conform | DG11: Jumbo | DH11: =SUM(Income!N8:N9)/DH13 -> 0.428125 | DI11: =SUM(Income!O8:O9)/DH13 -> 0.337215 | DJ11: =SUM(Income!P8:P9)/DH13 -> 0.23466 | DM11: FHA | DN11: Conform | DO11: Jumbo | DP11: =(Income!N24) -> 6.3819375 | DQ11: =(Income!O24) -> 7.3139333 | DR11: =(Income!P24) -> -6.8295804 | DT11: FHA | DU11: Conform | DV11: Jumbo | DW11: =(Income!N10)/DW13 -> 0.4081398 | DX11: =(Income!O10)/DW13 -> 0.33781415 | DY11: =(Income!P10)/DW13 -> 0.25404605
Z12: On-hand balance | AB12: =Income!V9 -> 300 | AD12: =AB12/SUM(AB$10:AB$12) -> 0.375 | BK12: Ca | BL12: =$F26*SUM(BL$7:BL$9) -> 1.3158288 | BM12: =$F26*SUM(BM$7:BM$9) -> 1.8 | BN12: =$F26*SUM(BN$7:BN$9) -> 0.45 | BO12: =$F26*SUM(BO$7:BO$9) -> 0.5965632 | BP12: =$F26*SUM(BP$7:BP$9) -> 0.38413512 | BQ12: =$F26*SUM(BQ$7:BQ$9) -> 0.225 | BR12: =$F26*SUM(BR$7:BR$9) -> 0.524592 | BS12: =$F26*SUM(BS$7:BS$9) -> 2.394288 | BU12: Ca | BW12: =$H26*SUM(BW$7:BW$9) -> 4.6968875 | BY12: =$H26*SUM(BY$7:BY$9) -> 0.775 | BZ12: =$H26*SUM(BZ$7:BZ$9) -> 1.043925 | CA12: =$H26*SUM(CA$7:CA$9) -> 0.610235 | CB12: =$H26*SUM(CB$7:CB$9) -> 0.3875 | CC12: =$H26*SUM(CC$7:CC$9) -> 0.89125 | CD12: =$H26*SUM(CD$7:CD$9) -> 3.9525 | CF12: 2 | CG12: 21.804199 | CH12: =CG12/CG10 -> 12.085249 | CI12: 2 | CJ12: -3.1958005 | CK12: =CJ12/CJ10 -> -1.7713122 | CL12: 2 | CM12: -6.6708005 | CN12: =CM12/CM10 -> -3.6973741 | CP12: =IF(CP7=5,"⊳","") | CQ12: Home | CR12: 5 | CS12: k | CU12: Servicing fee | CV12: 14 | CW12: {=(1+CI7)*INDIRECT("income!"&VLOOKUP(CP7,CR8:CS13,2,FALSE)&CV12)} -> 4.1080004 | CX12: =SLOPE(CK8:CK9,CI8:CI9)+0.000005 -> 2.2769153 | CY12: =RANK(CX12,$CX$8:$CX$17) -> 5 | DA12: =INDEX($CU$8:$CU$17,MATCH(DB12,$CY$8:$CY$17,0)) -> Servicing fee | DB12: 5 | DC12: =INDEX($CX$8:$CX$17,MATCH(DB12,$CY$8:$CY$17,0)) -> 2.2769153 | DE12: Retail | DF12: Whsale | DG12: Call Ctr | DH12: =SUM(Income!R8:R9)/DH13 -> 0.2925 | DI12: =SUM(Income!S8:S9)/DH13 -> 0.289375 | DJ12: =SUM(Income!T8:T9)/DH13 -> 0.418125 | DM12: Retail | DN12: Whsale | DO12: Call Ctr | DP12: =(Income!R24) -> 3.2259298 | DQ12: =(Income!S24) -> -2.18656 | DR12: =(Income!T24) -> 5.8269206 | DT12: Retail | DU12: Whsale | DV12: Call Ctr | DW12: =(Income!R10)/DW13 -> 0.27694156 | DX12: =(Income!S10)/DW13 -> 0.28707468 | DY12: =(Income!T10)/DW13 -> 0.43598377
BJ13: Or | BK13: F | BL13: =(G$14*$G$16)*R27*(R31/12) -> 0.775 | BM13: =(G$14*$G$16)*R29 -> 1.24 | BN13: =(G$14*$G$16)*R18 -> 0.31 | BO13: =(G$14*$G$16)*R20 -> 0.372 | BP13: =(G$14*$G$16)*N14*(R31/12) -> 0.23715 | BQ13: =(G$14*$G$16)*R22 -> 0.155 | BR13: =(G$14*$G$16)*R24 -> 0.31 | BS13: =(G$14*$G$16)*N16 -> 0.93 | BT13: On | BU13: F | BV13: =((N34-N36*N38)+(V40-V42)/V44) -> 0.0551 | BW13: =($I14*I16)*BV13 -> 9.918 | CA13: =($I14*I16)*N14*(R31/12) -> 1.377 | CD13: =($I14*I16)*N16 -> 5.4 | CG13: =CW18 -> 1.8041995 | CH13: App | CJ13: =CW18 -> 1.8041995 | CK13: Com | CM13: =CW18 -> 1.8041995 | CN13: Ind | CP13: =IF(CP7=6,"⊳","") | CQ13: Business | CR13: 6 | CS13: l | CU13: Referral fee | CV13: 16 | CW13: {=(1+CI10)*INDIRECT("income!"&VLOOKUP(CP7,CR8:CS13,2,FALSE)&CV13)} -> 2.5 | CX13: =SLOPE(CK11:CK12,CI11:CI12)+0.000006 -> -1.3856501 | CY13: =RANK(CX13,$CX$8:$CX$17) -> 6 | DA13: =INDEX($CU$8:$CU$17,MATCH(DB13,$CY$8:$CY$17,0)) -> Referral fee | DB13: 6 | DC13: =INDEX($CX$8:$CX$17,MATCH(DB13,$CY$8:$CY$17,0)) -> -1.3856501 | DE13: ="Total = "&TEXT(DH13,"$#,###")&"m" -> Total = $800m | DH13: =SUM(Income!V8:V9) -> 800 | DM13: ="Total = "&TEXT(DP13,"$#,###.0")&"m" -> Total = $6.9m | DP13: =(Income!V24) -> 6.8662904 | DT13: ="Total = "&TEXT(DW13,"$#,###")&"m" -> Total = $40m | DW13: =(Income!V10) -> 39.827346
E14: Volume $m | F14: 150 | G14: 100 | H14: 250 | I14: 300 | M14: Servicing fee | N14: 0.0153 | O14: 0.0175 | P14: 0.0186 | Z14: Interest | AB14: =Income!V10 -> 39.827346 | AD14: =AB14/SUM(AB$10:AB$12) -> 0.049784182 | BJ14: S | BK14: Co | BL14: =(G$14*$G$18)*S27*(S31/12) -> 1.008 | BM14: =(G$14*$G$18)*S29 -> 1.44 | BN14: =(G$14*$G$18)*S18 -> 0.36 | BO14: =(G$14*$G$18)*S20 -> 0.54 | BP14: =(G$14*$G$18)*O14*(S31/12) -> 0.315 | BQ14: =(G$14*$G$18)*S22 -> 0.18 | BR14: =(G$14*$G$18)*S24 -> 0.36 | BS14: =(G$14*$G$18)*O16 -> 1.08 | BT14: M | BU14: Co | BV14: =((O34-O36*O38)+(W40-W42)/W44) -> 0.0596 | BW14: =($I14*I18)*BV14 -> 5.364 | CA14: =($I14*I18)*O14*(S31/12) -> 0.7875 | CD14: =($I14*I18)*O16 -> 2.7 | CF14: 1 | CG14: 6.8041995 | CH14: =CG14/CG13 -> 3.7713122 | CI14: 1 | CJ14: -3.9844405 | CK14: =CJ14/CJ13 -> -2.2084257 | CL14: 1 | CM14: -6.1048914 | CN14: =CM14/CM13 -> -3.383712 | CU14: Commission | CV14: 17 | CW14: {=(1+CI13)*INDIRECT("income!"&VLOOKUP(CP7,CR8:CS13,2,FALSE)&CV14)} -> 5.78864 | CX14: =SLOPE(CK14:CK15,CI14:CI15)+0.000007 -> -3.2084187 | CY14: =RANK(CX14,$CX$8:$CX$17) -> 8 | DA14: =INDEX($CU$8:$CU$17,MATCH(DB14,$CY$8:$CY$17,0)) -> Direct fixed | DB14: 7 | DC14: =INDEX($CX$8:$CX$17,MATCH(DB14,$CY$8:$CY$17,0)) -> -2.3486781
BJ15: B | BK15: J | BL15: =(G$14*$G$20)*T27*(T31/12) -> 1.155 | BM15: =(G$14*$G$20)*T29 -> 1.32 | BN15: =(G$14*$G$20)*T18 -> 0.33 | BO15: =(G$14*$G$20)*T20 -> 0.429 | BP15: =(G$14*$G$20)*P14*(T31/12) -> 0.3069 | BQ15: =(G$14*$G$20)*T22 -> 0.165 | BR15: =(G$14*$G$20)*T24 -> 0.495 | BS15: =(G$14*$G$20)*P16 -> 3.3 | BT15: B | BU15: J | BV15: =((P34-P36*P38)+(X40-X42)/X44) -> 0.069 | BW15: =($I14*I20)*BV15 -> 2.07 | CA15: =($I14*I20)*P14*(T31/12) -> 0.279 | CD15: =($I14*I20)*P16 -> 3 | CF15: 2 | CG15: 11.804199 | CH15: =CG15/CG13 -> 6.5426243 | CI15: 2 | CJ15: -9.7730805 | CK15: =CJ15/CJ13 -> -5.4168514 | CL15: 2 | CM15: -14.013982 | CN15: =CM15/CM13 -> -7.7674239 | CU15: Overhead | CV15: 20 | CW15: {=(1+CL7)*INDIRECT("income!"&VLOOKUP(CP7,CR8:CS13,2,FALSE)&CV15)} -> 26.04096 | CX15: =SLOPE(CN8:CN9,CL8:CL9)+0.000008 -> -14.433518 | CY15: =RANK(CX15,$CX$8:$CX$17) -> 10 | DA15: =INDEX($CU$8:$CU$17,MATCH(DB15,$CY$8:$CY$17,0)) -> Commission | DB15: 8 | DC15: =INDEX($CX$8:$CX$17,MATCH(DB15,$CY$8:$CY$17,0)) -> -3.2084187
E16: FHA | F16: 0.36 | G16: 0.31 | H16: 0.31 | I16: 0.6 | M16: Overhead cost | N16: 0.03 | O16: 0.03 | P16: 0.1 | Z16: Gain on Sale | AB16: =Income!V11 -> 10 | AD16: =AB16/SUM(AB$10:AB$12) -> 0.0125 | BK16: R | BL16: =$G22*SUM(BL$13:BL$15) -> 0.82264 | BM16: =$G22*SUM(BM$13:BM$15) -> 1.12 | BN16: =$G22*SUM(BN$13:BN$15) -> 0.28 | BO16: =$G22*SUM(BO$13:BO$15) -> 0.37548 | BP16: =$G22*SUM(BP$13:BP$15) -> 0.240534 | BQ16: =$G22*SUM(BQ$13:BQ$15) -> 0.14 | BR16: =$G22*SUM(BR$13:BR$15) -> 0.3262 | BS16: =$G22*SUM(BS$13:BS$15) -> 1.4868 | BU16: R | BW16: =$I22*SUM(BW$13:BW$15) -> 4.338 | CA16: =$I22*SUM(CA$13:CA$15) -> 0.610875 | CD16: =$I22*SUM(CD$13:CD$15) -> 2.775 | CG16: =CW18 -> 1.8041995 | CH16: Orig | CU16: Direct fixed | CV16: 21 | CW16: {=(1+CL10)*INDIRECT("income!"&VLOOKUP(CP7,CR8:CS13,2,FALSE)&CV16)} -> 4.2375 | CX16: =SLOPE(CN11:CN12,CL11:CL12)+0.000009 -> -2.3486781 | CY16: =RANK(CX16,$CX$8:$CX$17) -> 7 | DA16: =INDEX($CU$8:$CU$17,MATCH(DB16,$CY$8:$CY$17,0)) -> Indirect fixed | DB16: 9 | DC16: =INDEX($CX$8:$CX$17,MATCH(DB16,$CY$8:$CY$17,0)) -> -4.3837109
BK17: W | BL17: =$G24*SUM(BL$13:BL$15) -> 1.1752 | BM17: =$G24*SUM(BM$13:BM$15) -> 1.6 | BN17: =$G24*SUM(BN$13:BN$15) -> 0.4 | BO17: =$G24*SUM(BO$13:BO$15) -> 0.5364 | BP17: =$G24*SUM(BP$13:BP$15) -> 0.34362 | BQ17: =$G24*SUM(BQ$13:BQ$15) -> 0.2 | BR17: =$G24*SUM(BR$13:BR$15) -> 0.466 | BS17: =$G24*SUM(BS$13:BS$15) -> 2.124 | BU17: W | BW17: =$I24*SUM(BW$13:BW$15) -> 2.6028 | CA17: =$I24*SUM(CA$13:CA$15) -> 0.366525 | CD17: =$I24*SUM(CD$13:CD$15) -> 1.665 | CF17: 1 | CG17: 8.5012435 | CH17: =CG17/CG16 -> 4.7119199 | CU17: Indirect fixed | CV17: 22 | CW17: {=(1+CL13)*INDIRECT("income!"&VLOOKUP(CP7,CR8:CS13,2,FALSE)&CV17)} -> 7.9090909 | CX17: =SLOPE(CN14:CN15,CL14:CL15)+0.0000011 -> -4.3837109 | CY17: =RANK(CX17,$CX$8:$CX$17) -> 9 | DA17: =INDEX($CU$8:$CU$17,MATCH(DB17,$CY$8:$CY$17,0)) -> Overhead | DB17: 10 | DC17: =INDEX($CX$8:$CX$17,MATCH(DB17,$CY$8:$CY$17,0)) -> -14.433518
E18: Conform | F18: 0.30848 | G18: 0.36 | H18: 0.39 | I18: 0.3 | M18: Application fee | R18: 0.01 | S18: 0.01 | T18: 0.01 | Z18: Application fees | AB18: =Income!V12 -> 5 | AD18: =AB18/SUM(AB$10:AB$12) -> 0.00625 | BK18: Ca | BL18: =$G26*SUM(BL$13:BL$15) -> 0.94016 | BM18: =$G26*SUM(BM$13:BM$15) -> 1.28 | BN18: =$G26*SUM(BN$13:BN$15) -> 0.32 | BO18: =$G26*SUM(BO$13:BO$15) -> 0.42912 | BP18: =$G26*SUM(BP$13:BP$15) -> 0.274896 | BQ18: =$G26*SUM(BQ$13:BQ$15) -> 0.16 | BR18: =$G26*SUM(BR$13:BR$15) -> 0.3728 | BS18: =$G26*SUM(BS$13:BS$15) -> 1.6992 | BU18: Ca | BW18: =$I26*SUM(BW$13:BW$15) -> 10.4112 | CA18: =$I26*SUM(CA$13:CA$15) -> 1.4661 | CD18: =$I26*SUM(CD$13:CD$15) -> 6.66 | CF18: 2 | CG18: 15.198287 | CH18: =CG18/CG16 -> 8.4238398 | CU18: Op Income | CW18: =SUM(CW8:CW12)-SUM(CW13:CW17) -> 1.8041995
E20: Jumbo | F20: 0.33152 | G20: 0.33 | H20: 0.3 | I20: 0.1 | M20: Origination fee | R20: 0.012 | S20: 0.015 | T20: 0.013 | Z20: Orig Fees/Points | AB20: =Income!V13 -> 6.697044 | AD20: =AB20/SUM(AB$10:AB$12) -> 0.008371305
E22: Retail | F22: 0.44 | G22: 0.28 | H22: 0.26 | I22: 0.25 | M22: Referral fee | R22: 0.005 | S22: 0.005 | T22: 0.005 | Z22: Servicing fees | AB22: =Income!V14 -> 6.5515004 | AD22: =AB22/SUM(AB$10:AB$12) -> 0.0081893755
E24: Wholesale | F24: 0.26 | G24: 0.4 | H24: 0.43 | I24: 0.15 | M24: Commissions | R24: 0.01 | S24: 0.01 | T24: 0.015 | Z24: Revenue | AB24: =Income!V15 -> 68.07589 | AD24: =AB24/SUM(AB$10:AB$12) -> 0.085094863
E26: Call Center | F26: 0.3 | G26: 0.32 | H26: 0.31 | I26: 0.6 | Z26: Referral fees | AB26: =Income!V16 -> 2.5 | AD26: =AB26/SUM(AB$10:AB$12) -> 0.003125
K27: Sell | M27: Coupon | R27: 0.05 | S27: 0.056 | T27: 0.07
Z28: Commissions | AB28: =Income!V17 -> 5.78864 | AD28: =AB28/SUM(AB$10:AB$12) -> 0.0072358
M29: Sales gain | R29: 0.04 | S29: 0.04 | T29: 0.04
Z30: Cost of Sales | AB30: =Income!V18 -> 8.28864 | AD30: =AB30/SUM(AB$10:AB$12) -> 0.0103608
E31: Fixed | F31: Sell | G31: Sell | H31: Sell | I31: Monetize | M31: Mos. held | R31: 6 | S31: 6 | T31: 6
Z32: Gross Margin | AB32: =Income!V19 -> 59.78725 | AD32: =AB32/SUM(AB$10:AB$12) -> 0.074734063
E33: Costs | F33: Home | G33: Home | H33: Business | I33: Business
K34: Monetize | M34: Unadj. Yield | N34: 0.06 | O34: 0.065 | P34: 0.075 | Z34: Overhead | AB34: =Income!V20 -> 37.14096 | AD34: =AB34/SUM(AB$10:AB$12) -> 0.0464262
F35: Retail | G35: Call Ctr | H35: WhSale | I35: WhSale
M36: Ret. on Equity | N36: 0.08 | O36: 0.08 | P36: 0.085 | Z36: Direct Fixed | AB36: =Income!V21 -> 6.78 | AD36: =AB36/SUM(AB$10:AB$12) -> 0.008475
E37: Unit | F37: Offices | G37: Hubs | H37: Portfolios | I37: Accounts
M38: Capital Req'd | N38: 0.08 | O38: 0.08 | P38: 0.08 | Z38: Indirect Fixed | AB38: =Income!V22 -> 9 | AD38: =AB38/SUM(AB$10:AB$12) -> 0.01125
E40: Units | F40: 8 | G40: 4 | H40: 15 | I40: 35 | M40: Deferred gain | R40: 0.012 | S40: 0.012 | T40: 0.011 | V40: 0.012 | W40: 0.012 | X40: 0.011 | Z40: Operating Expense | AB40: =Income!V23 -> 52.92096 | AD40: =AB40/SUM(AB$10:AB$12) -> 0.0661512
E42: Unit cost $k | F42: 60 | G42: 300 | H42: 60 | I42: 120 | M42: Deferred cost | R42: 0.009 | S42: 0.009 | T42: 0.009 | V42: 0.009 | W42: 0.009 | X42: 0.009 | Z42: Operating Income | AB42: =Income!V24 -> 6.8662904 | AD42: =AB42/SUM(AB$10:AB$12) -> 0.008582863
C43: User input
E44: Overhead $k | F44: 3000 | G44: 2500 | H44: 1500 | I44: 2000 | M44: Yrs. remaining | R44: 4 | S44: 4 | T44: 4 | V44: 2 | W44: 3 | X44: 2.5 | Z44: Operating Margin | AB44: =Income!V25 -> 0.10096229

Sheet Income
A1: info
C2: Operating Income
X3: Book (Drivers tab)
C4: In millions | X4: Originate | Y4: Originate | Z4: Originate | AA4: On-hand
E5: Source | H5: Strategy | K5: Market | N5: Product | R5: Distribution Channel | X5: Sell | Y5: Sell | Z5: Monetize | AA5: Monetize
E6: Originate | F6: On-hand | H6: Sell | I6: Monetize | K6: Home | L6: Business | N6: FHA | O6: Conform | P6: Jumbo | R6: Retail | S6: Whsale | T6: Call Ctr | V6: Total | X6: Home | Y6: Business | Z6: Business | AA6: Business
C8: Origination volume | E8: =SUM(Drivers!F14:H14) -> 500 | H8: =SUM(Drivers!F14:G14) -> 250 | I8: =SUM(Drivers!H14) -> 250 | K8: =SUM(Drivers!F14) -> 150 | L8: =SUM(Drivers!G14:H14) -> 350 | N8: =SUMPRODUCT(Drivers!F$14:H$14,Drivers!F16:H16) -> 162.5 | O8: =SUMPRODUCT(Drivers!F$14:H$14,Drivers!F18:H18) -> 179.772 | P8: =SUMPRODUCT(Drivers!F$14:H$14,Drivers!F20:H20) -> 157.728 | R8: =SUMPRODUCT(Drivers!F$14:H$14,Drivers!F22:H22) -> 159 | S8: =SUMPRODUCT(Drivers!F$14:H$14,Drivers!F24:H24) -> 186.5 | T8: =SUMPRODUCT(Drivers!F$14:H$14,Drivers!F26:H26) -> 154.5 | V8: =SUM(Drivers!F14:H14) -> 500 | X8: =Drivers!F14 -> 150 | Y8: =Drivers!G14 -> 100 | Z8: =Drivers!H14 -> 250 | AB8: =IF(AND(SUM(Income!E8:F8,Income!H8:I8,Income!K8:L8)-SUM(Income!N8:P8,Income!R8:T8,Income!V8)<=0.0001,V8-SUM(X8:AA8)<=0.0001),"✓", "✕") -> ✓
C9: On-hand balance | F9: =Drivers!I14 -> 300 | I9: =SUM(Drivers!I14) -> 300 | L9: =SUM(Drivers!I14) -> 300 | N9: =Drivers!I$14*Drivers!I16 -> 180 | O9: =Drivers!I$14*Drivers!I18 -> 90 | P9: =Drivers!I$14*Drivers!I20 -> 30 | R9: =Drivers!I$14*Drivers!I22 -> 75 | S9: =Drivers!I$14*Drivers!I24 -> 45 | T9: =Drivers!I$14*Drivers!I26 -> 180 | V9: =SUM(Drivers!I14) -> 300 | AA9: =Drivers!I14 -> 300 | AB9: =IF(AND(SUM(Income!E9:F9,Income!H9:I9,Income!K9:L9)-SUM(Income!N9:P9,Income!R9:T9,Income!V9)<=0.0001,V9-SUM(X9:AA9)<=0.0001),"✓", "✕") -> ✓
C10: Interest | E10: =SUM(Drivers!BL7:BL9,Drivers!BW7:BW9,Drivers!BL13:BL15) -> 22.475346 | F10: =SUM(Drivers!BW13:BW15) -> 17.352 | H10: =SUM(Drivers!BL7:BL9,Drivers!BL13:BL15) -> 7.324096 | I10: =SUM(Drivers!BW7:BW9,Drivers!BW13:BW15) -> 32.50325 | K10: =SUM(Drivers!BL7:BL9) -> 4.386096 | L10: =SUM(Drivers!BL13:BL15,Drivers!BW7:BW9,Drivers!BW13:BW15) -> 35.44125 | N10: =SUM(Drivers!BL7,Drivers!BL13,Drivers!BW7,Drivers!BW13) -> 16.255125 | O10: =SUM(Drivers!BW14,Drivers!BW8,Drivers!BL14,Drivers!BL8) -> 13.454241 | P10: =SUM(Drivers!BW15,Drivers!BW9,Drivers!BL15,Drivers!BL9) -> 10.11798 | R10: =SUM(Drivers!BL10,Drivers!BL16,Drivers!BW10,Drivers!BW16) -> 11.029847 | S10: =SUM(Drivers!BL11,Drivers!BL17,Drivers!BW11,Drivers!BW17) -> 11.433422 | T10: =SUM(Drivers!BL12,Drivers!BL18,Drivers!BW12,Drivers!BW18) -> 17.364076 | V10: =SUM(Drivers!BL7:BL9,Drivers!BL13:BL15,Drivers!BW7:BW9,Drivers!BW13:BW15) -> 39.827346 | X10: =SUM(Drivers!BL7:BL9) -> 4.386096 | Y10: =SUM(Drivers!BL13:BL15) -> 2.938 | Z10: =SUM(Drivers!BW7:BW9) -> 15.15125 | AA10: =SUM(Drivers!BW13:BW15) -> 17.352 | AB10: =IF(AND(SUM(Income!E10:F10,Income!H10:I10,Income!K10:L10)-SUM(Income!N10:P10,Income!R10:T10,Income!V10)<=0.0001,V10-SUM(X10:AA10)<=0.0001),"✓", "✕") -> ✓
C11: Gain on Sale | E11: =SUM(Drivers!BM7:BM9,Drivers!BX7:BX9,Drivers!BM13:BM15) -> 10 | H11: =SUM(Drivers!BM7:BM9,Drivers!BM13:BM15) -> 10 | K11: =SUM(Drivers!BM7:BM9) -> 6 | L11: =SUM(Drivers!BM13:BM15,Drivers!BX7:BX9,Drivers!BX13:BX15) -> 4 | N11: =SUM(Drivers!BM7,Drivers!BM13,Drivers!BX7,Drivers!BX13) -> 3.4 | O11: =SUM(Drivers!BX14,Drivers!BX8,Drivers!BM14,Drivers!BM8) -> 3.29088 | P11: =SUM(Drivers!BX15,Drivers!BX9,Drivers!BM15,Drivers!BM9) -> 3.30912 | R11: =SUM(Drivers!BM10,Drivers!BM16,Drivers!BX10,Drivers!BX16) -> 3.76 | S11: =SUM(Drivers!BM11,Drivers!BM17,Drivers!BX11,Drivers!BX17) -> 3.16 | T11: =SUM(Drivers!BM12,Drivers!BM18,Drivers!BX12,Drivers!BX18) -> 3.08 | V11: =SUM(Drivers!BM7:BM9,Drivers!BM13:BM15,Drivers!BX7:BX9,Drivers!BX13:BX15) -> 10 | X11: =SUM(Drivers!BM7:BM9) -> 6 | Y11: =SUM(Drivers!BM13:BM15) -> 4 | Z11: =SUM(Drivers!BX7:BX9) -> 0 | AA11: =SUM(Drivers!BX13:BX15) -> 0 | AB11: =IF(AND(SUM(Income!E11:F11,Income!H11:I11,Income!K11:L11)-SUM(Income!N11:P11,Income!R11:T11,Income!V11)<=0.0001,V11-SUM(X11:AA11)<=0.0001),"✓", "✕") -> ✓
C12: Application fees | E12: =SUM(Drivers!BN7:BN9,Drivers!BY7:BY9,Drivers!BN13:BN15) -> 5 | H12: =SUM(Drivers!BN7:BN9,Drivers!BN13:BN15) -> 2.5 | I12: =SUM(Drivers!BY7:BY9,Drivers!BY13:BY15) -> 2.5 | K12: =SUM(Drivers!BN7:BN9) -> 1.5 | L12: =SUM(Drivers!BN13:BN15,Drivers!BY7:BY9,Drivers!BY13:BY15) -> 3.5 | N12: =SUM(Drivers!BN7,Drivers!BN13,Drivers!BY7,Drivers!BY13) -> 1.625 | O12: =SUM(Drivers!BY14,Drivers!BY8,Drivers!BN14,Drivers!BN8) -> 1.79772 | P12: =SUM(Drivers!BY15,Drivers!BY9,Drivers!BN15,Drivers!BN9) -> 1.57728 | R12: =SUM(Drivers!BN10,Drivers!BN16,Drivers!BY10,Drivers!BY16) -> 1.59 | S12: =SUM(Drivers!BN11,Drivers!BN17,Drivers!BY11,Drivers!BY17) -> 1.865 | T12: =SUM(Drivers!BN12,Drivers!BN18,Drivers!BY12,Drivers!BY18) -> 1.545 | V12: =SUM(Drivers!BN7:BN9,Drivers!BN13:BN15,Drivers!BY7:BY9,Drivers!BY13:BY15) -> 5 | X12: =SUM(Drivers!BN7:BN9) -> 1.5 | Y12: =SUM(Drivers!BN13:BN15) -> 1 | Z12: =SUM(Drivers!BY7:BY9) -> 2.5 | AA12: =SUM(Drivers!BY13:BY15) -> 0 | AB12: =IF(AND(SUM(Income!E12:F12,Income!H12:I12,Income!K12:L12)-SUM(Income!N12:P12,Income!R12:T12,Income!V12)<=0.0001,V12-SUM(X12:AA12)<=0.0001),"✓", "✕") -> ✓
C13: Orig Fees/Points | E13: =SUM(Drivers!BO7:BO9,Drivers!BZ7:BZ9,Drivers!BO13:BO15) -> 6.697044 | H13: =SUM(Drivers!BO7:BO9,Drivers!BO13:BO15) -> 3.329544 | I13: =SUM(Drivers!BZ7:BZ9,Drivers!BZ13:BZ15) -> 3.3675 | K13: =SUM(Drivers!BO7:BO9) -> 1.988544 | L13: =SUM(Drivers!BO13:BO15,Drivers!BZ7:BZ9,Drivers!BZ13:BZ15) -> 4.7085 | N13: =SUM(Drivers!BO7,Drivers!BO13,Drivers!BZ7,Drivers!BZ13) -> 1.95 | O13: =SUM(Drivers!BZ14,Drivers!BZ8,Drivers!BO14,Drivers!BO8) -> 2.69658 | P13: =SUM(Drivers!BZ15,Drivers!BZ9,Drivers!BO15,Drivers!BO9) -> 2.050464 | R13: =SUM(Drivers!BO10,Drivers!BO16,Drivers!BZ10,Drivers!BZ16) -> 2.1259894 | S13: =SUM(Drivers!BO11,Drivers!BO17,Drivers!BZ11,Drivers!BZ17) -> 2.5014464 | T13: =SUM(Drivers!BO12,Drivers!BO18,Drivers!BZ12,Drivers!BZ18) -> 2.0696082 | V13: =SUM(Drivers!BO7:BO9,Drivers!BO13:BO15,Drivers!BZ7:BZ9,Drivers!BZ13:BZ15) -> 6.697044 | X13: =SUM(Drivers!BO7:BO9) -> 1.988544 | Y13: =SUM(Drivers!BO13:BO15) -> 1.341 | Z13: =SUM(Drivers!BZ7:BZ9) -> 3.3675 | AA13: =SUM(Drivers!BZ13:BZ15) -> 0 | AB13: =IF(AND(SUM(Income!E13:F13,Income!H13:I13,Income!K13:L13)-SUM(Income!N13:P13,Income!R13:T13,Income!V13)<=0.0001,V13-SUM(X13:AA13)<=0.0001),"✓", "✕") -> ✓
C14: Servicing fees | E14: =SUM(Drivers!BP13:BP15,Drivers!CA7:CA9,Drivers!BP7:BP9) -> 4.1080004 | F14: =SUM(Drivers!CA13:CA15) -> 2.4435 | H14: =SUM(Drivers!BP7:BP9,Drivers!BP13:BP15) -> 2.1395004 | I14: =SUM(Drivers!CA7:CA9,Drivers!CA13:CA15) -> 4.412 | K14: =SUM(Drivers!BP7:BP9) -> 1.2804504 | L14: =SUM(Drivers!BP13:BP15,Drivers!CA7:CA9,Drivers!CA13:CA15) -> 5.27105 | N14: =SUM(Drivers!BP7,Drivers!BP13,Drivers!CA7,Drivers!CA13) -> 2.620125 | O14: =SUM(Drivers!CA14,Drivers!CA8,Drivers!BP14,Drivers!BP8) -> 2.185505 | P14: =SUM(Drivers!CA15,Drivers!CA9,Drivers!BP15,Drivers!BP9) -> 1.7458704 | R14: =SUM(Drivers!BP10,Drivers!BP16,Drivers!CA10,Drivers!CA16) -> 1.9266172 | S14: =SUM(Drivers!BP11,Drivers!BP17,Drivers!CA11,Drivers!CA17) -> 1.8895171 | T14: =SUM(Drivers!BP12,Drivers!BP18,Drivers!CA12,Drivers!CA18) -> 2.7353661 | V14: =SUM(Drivers!BP7:BP9,Drivers!BP13:BP15,Drivers!CA7:CA9,Drivers!CA13:CA15) -> 6.5515004 | X14: =SUM(Drivers!BP7:BP9) -> 1.2804504 | Y14: =SUM(Drivers!BP13:BP15) -> 0.85905 | Z14: =SUM(Drivers!CA7:CA9) -> 1.9685 | AA14: =SUM(Drivers!CA13:CA15) -> 2.4435 | AB14: =IF(AND(SUM(Income!E14:F14,Income!H14:I14,Income!K14:L14)-SUM(Income!N14:P14,Income!R14:T14,Income!V14)<=0.0001,V14-SUM(X14:AA14)<=0.0001),"✓", "✕") -> ✓
C15: Revenue | E15: =SUM(E10:E14) -> 48.28039 | F15: =SUM(F10:F14) -> 19.7955 | H15: =SUM(H10:H14) -> 25.29314 | I15: =SUM(I10:I14) -> 42.78275 | K15: =SUM(K10:K14) -> 15.15509 | L15: =SUM(L10:L14) -> 52.9208 | N15: =SUM(N10:N14) -> 25.85025 | O15: =SUM(O10:O14) -> 23.424926 | P15: =SUM(P10:P14) -> 18.800714 | R15: =SUM(R10:R14) -> 20.432454 | S15: =SUM(S10:S14) -> 20.849386 | T15: =SUM(T10:T14) -> 26.794051 | V15: =SUM(V10:V14) -> 68.07589 | X15: =SUM(X10:X14) -> 15.15509 | Y15: =SUM(Y10:Y14) -> 10.13805 | Z15: =SUM(Z10:Z14) -> 22.98725 | AA15: =SUM(AA10:AA14) -> 19.7955 | AB15: =IF(AND(SUM(Income!E15:F15,Income!H15:I15,Income!K15:L15)-SUM(Income!N15:P15,Income!R15:T15,Income!V15)<=0.0001,V15-SUM(X15:AA15)<=0.0001),"✓", "✕") -> ✓
C16: Referral fees | E16: =SUM(Drivers!BQ7:BQ9,Drivers!CB7:CB9,Drivers!BQ13:BQ15) -> 2.5 | H16: =SUM(Drivers!BQ7:BQ9,Drivers!BQ13:BQ15) -> 1.25 | I16: =SUM(Drivers!CB7:CB9,Drivers!CB13:CB15) -> 1.25 | K16: =SUM(Drivers!BQ7:BQ9) -> 0.75 | L16: =SUM(Drivers!BQ13:BQ15,Drivers!CB7:CB9,Drivers!CB13:CB15) -> 1.75 | N16: =SUM(Drivers!BQ7,Drivers!BQ13,Drivers!CB7,Drivers!CB13) -> 0.8125 | O16: =SUM(Drivers!CB14,Drivers!CB8,Drivers!BQ14,Drivers!BQ8) -> 0.89886 | P16: =SUM(Drivers!CB15,Drivers!CB9,Drivers!BQ15,Drivers!BQ9) -> 0.78864 | R16: =SUM(Drivers!BQ10,Drivers!BQ16,Drivers!CB10,Drivers!CB16) -> 0.795 | S16: =SUM(Drivers!BQ11,Drivers!BQ17,Drivers!CB11,Drivers!CB17) -> 0.9325 | T16: =SUM(Drivers!BQ12,Drivers!BQ18,Drivers!CB12,Drivers!CB18) -> 0.7725 | V16: =SUM(Drivers!BQ7:BQ9,Drivers!BQ13:BQ15,Drivers!CB7:CB9,Drivers!CB13:CB15) -> 2.5 | X16: =SUM(Drivers!BQ7:BQ9) -> 0.75 | Y16: =SUM(Drivers!BQ13:BQ15) -> 0.5 | Z16: =SUM(Drivers!CB7:CB9) -> 1.25 | AA16: =SUM(Drivers!CB13:CB15) -> 0 | AB16: =IF(AND(SUM(Income!E16:F16,Income!H16:I16,Income!K16:L16)-SUM(Income!N16:P16,Income!R16:T16,Income!V16)<=0.0001,V16-SUM(X16:AA16)<=0.0001),"✓", "✕") -> ✓
C17: Commissions | E17: =SUM(Drivers!BR7:BR9,Drivers!BR13:BR15,Drivers!CC7:CC9) -> 5.78864 | H17: =SUM(Drivers!BR7:BR9,Drivers!BR13:BR15) -> 2.91364 | I17: =SUM(Drivers!CC7:CC9,Drivers!CC13:CC15) -> 2.875 | K17: =SUM(Drivers!BR7:BR9) -> 1.74864 | L17: =SUM(Drivers!BR13:BR15,Drivers!CC7:CC9,Drivers!CC13:CC15) -> 4.04 | N17: =SUM(Drivers!BR7,Drivers!BR13,Drivers!CC7,Drivers!CC13) -> 1.625 | O17: =SUM(Drivers!CC14,Drivers!CC8,Drivers!BR14,Drivers!BR8) -> 1.79772 | P17: =SUM(Drivers!CC15,Drivers!CC9,Drivers!BR15,Drivers!BR9) -> 2.36592 | R17: =SUM(Drivers!BR10,Drivers!BR16,Drivers!CC10,Drivers!CC16) -> 1.8431016 | S17: =SUM(Drivers!BR11,Drivers!BR17,Drivers!CC11,Drivers!CC17) -> 2.1568964 | T17: =SUM(Drivers!BR12,Drivers!BR18,Drivers!CC12,Drivers!CC18) -> 1.788642 | V17: =SUM(Drivers!BR7:BR9,Drivers!BR13:BR15,Drivers!CC7:CC9,Drivers!CC13:CC15) -> 5.78864 | X17: =SUM(Drivers!BR7:BR9) -> 1.74864 | Y17: =SUM(Drivers!BR13:BR15) -> 1.165 | Z17: =SUM(Drivers!CC7:CC9) -> 2.875 | AA17: =SUM(Drivers!CC13:CC15) -> 0 | AB17: =IF(AND(SUM(Income!E17:F17,Income!H17:I17,Income!K17:L17)-SUM(Income!N17:P17,Income!R17:T17,Income!V17)<=0.0001,V17-SUM(X17:AA17)<=0.0001),"✓", "✕") -> ✓
C18: Cost of Sales | E18: =SUM(E16:E17) -> 8.28864 | H18: =SUM(H16:H17) -> 4.16364 | I18: =SUM(I16:I17) -> 4.125 | K18: =SUM(K16:K17) -> 2.49864 | L18: =SUM(L16:L17) -> 5.79 | N18: =SUM(N16:N17) -> 2.4375 | O18: =SUM(O16:O17) -> 2.69658 | P18: =SUM(P16:P17) -> 3.15456 | R18: =SUM(R16:R17) -> 2.6381016 | S18: =SUM(S16:S17) -> 3.0893964 | T18: =SUM(T16:T17) -> 2.561142 | V18: =SUM(V16:V17) -> 8.28864 | X18: =SUM(X16:X17) -> 2.49864 | Y18: =SUM(Y16:Y17) -> 1.665 | Z18: =SUM(Z16:Z17) -> 4.125 | AA18: =SUM(AA16:AA17) -> 0 | AB18: =IF(AND(SUM(Income!E18:F18,Income!H18:I18,Income!K18:L18)-SUM(Income!N18:P18,Income!R18:T18,Income!V18)<=0.0001,V18-SUM(X18:AA18)<=0.0001),"✓", "✕") -> ✓
C19: Gross Margin | E19: =+E15-E18 -> 39.99175 | F19: =+F15-F18 -> 19.7955 | H19: =+H15-H18 -> 21.1295 | I19: =+I15-I18 -> 38.65775 | K19: =+K15-K18 -> 12.65645 | L19: =+L15-L18 -> 47.1308 | N19: =+N15-N18 -> 23.41275 | O19: =+O15-O18 -> 20.728346 | P19: =+P15-P18 -> 15.646154 | R19: =+R15-R18 -> 17.794352 | S19: =+S15-S18 -> 17.75999 | T19: =+T15-T18 -> 24.232909 | V19: =+V15-V18 -> 59.78725 | X19: =X15-X18 -> 12.65645 | Y19: =Y15-Y18 -> 8.47305 | Z19: =Z15-Z18 -> 18.86225 | AA19: =AA15-AA18 -> 19.7955 | AB19: =IF(AND(SUM(Income!E19:F19,Income!H19:I19,Income!K19:L19)-SUM(Income!N19:P19,Income!R19:T19,Income!V19)<=0.0001,V19-SUM(X19:AA19)<=0.0001),"✓", "✕") -> ✓
C20: Overhead | E20: =SUM(Drivers!BS7:BS9,Drivers!BS13:BS15,Drivers!CD7:CD9) -> 26.04096 | F20: =SUM(Drivers!CD13:CD15) -> 11.1 | H20: =SUM(Drivers!BS7:BS9,Drivers!BS13:BS15) -> 13.29096 | I20: =SUM(Drivers!CD7:CD9,Drivers!CD13:CD15) -> 23.85 | K20: =SUM(Drivers!BS7:BS9) -> 7.98096 | L20: =SUM(Drivers!BS13:BS15,Drivers!CD7:CD9,Drivers!CD13:CD15) -> 29.16 | N20: =SUM(Drivers!BS7,Drivers!BS13,Drivers!CD7,Drivers!CD13) -> 10.275 | O20: =SUM(Drivers!CD14,Drivers!CD8,Drivers!BS14,Drivers!BS8) -> 8.09316 | P20: =SUM(Drivers!CD15,Drivers!CD9,Drivers!BS15,Drivers!BS9) -> 18.7728 | R20: =SUM(Drivers!BS10,Drivers!BS16,Drivers!CD10,Drivers!CD16) -> 11.088422 | S20: =SUM(Drivers!BS11,Drivers!BS17,Drivers!CD11,Drivers!CD17) -> 11.34655 | T20: =SUM(Drivers!BS12,Drivers!BS18,Drivers!CD12,Drivers!CD18) -> 14.705988 | V20: =SUM(Drivers!BS7:BS9,Drivers!BS13:BS15,Drivers!CD7:CD9,Drivers!CD13:CD15) -> 37.14096 | X20: =SUM(Drivers!BS7:BS9) -> 7.98096 | Y20: =SUM(Drivers!BS13:BS15) -> 5.31 | Z20: =SUM(Drivers!CD7:CD9) -> 12.75 | AA20: =SUM(Drivers!CD13:CD15) -> 11.1 | AB20: =IF(AND(SUM(Income!E20:F20,Income!H20:I20,Income!K20:L20)-SUM(Income!N20:P20,Income!R20:T20,Income!V20)<=0.0001,V20-SUM(X20:AA20)<=0.0001),"✓", "✕") -> ✓
C21: Direct Fixed | E21: =(SUMPRODUCT(Drivers!F40:I40,Drivers!F42:I42)*SUM(Drivers!F14:H14)/SUM(Drivers!F14:I14))/1000 -> 4.2375 | F21: =(SUMPRODUCT(Drivers!F40:I40,Drivers!F42:I42)*SUM(Drivers!I14)/SUM(Drivers!F14:I14))/1000 -> 2.5425 | H21: =(SUMPRODUCT(Drivers!F40:H40,Drivers!F42:H42))/1000 -> 2.58 | I21: =(Drivers!I40*Drivers!I42)/1000 -> 4.2 | K21: =(SUMPRODUCT(Drivers!F40:G40,Drivers!F42:G42))/1000 -> 1.68 | L21: =(SUMPRODUCT(Drivers!H40:I40,Drivers!H42:I42))/1000 -> 5.1 | N21: =(SUMPRODUCT(Drivers!F40:I40,Drivers!F42:I42)*SUMPRODUCT(Drivers!F16:I16,Drivers!$F$14:$I$14)/SUM(Drivers!$F$14:$I$14))/1000 -> 2.9026875 | O21: =(SUMPRODUCT(Drivers!F40:I40,Drivers!F42:I42)*SUMPRODUCT(Drivers!F18:I18,Drivers!$F$14:$I$14)/SUM(Drivers!$F$14:$I$14))/1000 -> 2.2863177 | P21: =(SUMPRODUCT(Drivers!F40:I40,Drivers!F42:I42)*SUMPRODUCT(Drivers!F20:I20,Drivers!$F$14:$I$14)/SUM(Drivers!$F$14:$I$14))/1000 -> 1.5909948 | R21: =(Drivers!F40*Drivers!F42)/1000 -> 0.48 | S21: =(SUMPRODUCT(Drivers!H40:I40,Drivers!H42:I42))/1000 -> 5.1 | T21: =(Drivers!G40*Drivers!G42)/1000 -> 1.2 | V21: =SUMPRODUCT(Drivers!F40:I40,Drivers!F42:I42)/1000 -> 6.78 | X21: =(Income!K21) -> 1.68 | Y21: =(Income!H21-Income!K21) -> 0.9 | Z21: =(Income!I21-AA21) -> 1.6575 | AA21: =(Income!F21) -> 2.5425 | AB21: =IF(AND(SUM(Income!E21:F21,Income!H21:I21,Income!K21:L21)-SUM(Income!N21:P21,Income!R21:T21,Income!V21)<=0.0001,V21-SUM(X21:AA21)<=0.0001),"✓", "✕") -> ✓
C22: Indirect Fixed | E22: =(SUM(Drivers!F44:H44) + (Drivers!H14/SUM(Drivers!H14:I14))*Drivers!I44)/1000 -> 7.9090909 | F22: =((Drivers!I14/SUM(Drivers!H14:I14))*Drivers!I44)/1000 -> 1.0909091 | H22: =(SUM(Drivers!F44:H44))/1000 -> 7 | I22: =(SUM(Drivers!I44))/1000 -> 2 | K22: =(SUM(Drivers!F44:G44))/1000 -> 5.5 | L22: =(SUM(Drivers!H44:I44))/1000 -> 3.5 | N22: =(SUM(Drivers!F44:I44)*SUMPRODUCT(Drivers!F16:I16,Drivers!$F$14:$I$14)/SUM(Drivers!$F$14:$I$14))/1000 -> 3.853125 | O22: =(SUM(Drivers!F44:I44)*SUMPRODUCT(Drivers!F18:I18,Drivers!$F$14:$I$14)/SUM(Drivers!$F$14:$I$14))/1000 -> 3.034935 | P22: =(SUM(Drivers!F44:I44)*SUMPRODUCT(Drivers!F20:I20,Drivers!$F$14:$I$14)/SUM(Drivers!$F$14:$I$14))/1000 -> 2.11194 | R22: =(Drivers!$F$44)/1000 -> 3 | S22: =(SUM(Drivers!H44:I44))/1000 -> 3.5 | T22: =(Drivers!G44)/1000 -> 2.5 | V22: =SUM(Drivers!F44:I44)/1000 -> 9 | X22: =(Income!K22) -> 5.5 | Y22: =(Income!H22-Income!K22) -> 1.5 | Z22: =(Income!I22-AA22) -> 0.90909091 | AA22: =(Income!F22) -> 1.0909091 | AB22: =IF(AND(SUM(Income!E22:F22,Income!H22:I22,Income!K22:L22)-SUM(Income!N22:P22,Income!R22:T22,Income!V22)<=0.0001,V22-SUM(X22:AA22)<=0.0001),"✓", "✕") -> ✓
C23: Operating Expense | E23: =SUM(E20:E22) -> 38.187551 | F23: =SUM(F20:F22) -> 14.733409 | H23: =SUM(H20:H22) -> 22.87096 | I23: =SUM(I20:I22) -> 30.05 | K23: =SUM(K20:K22) -> 15.16096 | L23: =SUM(L20:L22) -> 37.76 | N23: =SUM(N20:N22) -> 17.030812 | O23: =SUM(O20:O22) -> 13.414413 | P23: =SUM(P20:P22) -> 22.475735 | R23: =SUM(R20:R22) -> 14.568422 | S23: =SUM(S20:S22) -> 19.94655 | T23: =SUM(T20:T22) -> 18.405988 | V23: =SUM(V20:V22) -> 52.92096 | X23: =SUM(X20:X22) -> 15.16096 | Y23: =SUM(Y20:Y22) -> 7.71 | Z23: =SUM(Z20:Z22) -> 15.316591 | AA23: =SUM(AA20:AA22) -> 14.733409 | AB23: =IF(AND(SUM(Income!E23:F23,Income!H23:I23,Income!K23:L23)-SUM(Income!N23:P23,Income!R23:T23,Income!V23)<=0.0001,V23-SUM(X23:AA23)<=0.0001),"✓", "✕") -> ✓
C24: Operating Income | E24: =+E19-E23 -> 1.8041995 | F24: =+F19-F23 -> 5.0620909 | H24: =+H19-H23 -> -1.7414596 | I24: =+I19-I23 -> 8.60775 | K24: =+K19-K23 -> -2.5045096 | L24: =+L19-L23 -> 9.3708 | N24: =+N19-N23 -> 6.3819375 | O24: =+O19-O23 -> 7.3139333 | P24: =+P19-P23 -> -6.8295804 | R24: =+R19-R23 -> 3.2259298 | S24: =+S19-S23 -> -2.18656 | T24: =+T19-T23 -> 5.8269206 | V24: =+V19-V23 -> 6.8662904 | X24: =+Income!X19-X23 -> -2.5045096 | Y24: =+Income!Y19-Y23 -> 0.76305 | Z24: =+Income!Z19-Z23 -> 3.5456591 | AA24: =+Income!AA19-AA23 -> 5.0620909 | AB24: =IF(AND(SUM(Income!E24:F24,Income!H24:I24,Income!K24:L24)-SUM(Income!N24:P24,Income!R24:T24,Income!V24)<=0.0001,V24-SUM(X24:AA24)<=0.0001),"✓", "✕") -> ✓
C25: Operating Margin | E25: =+E24/E15 -> 0.037369198 | F25: =+F24/F15 -> 0.25571928 | H25: =+H24/H15+0.0001 -> -0.068751063 | I25: =+I24/I15+0.0001 -> 0.20129674 | K25: =+K24/K15+0.0001 -> -0.16515864 | L25: =+L24/L15+0.0001 -> 0.17717215 | N25: =+N24/N15 -> 0.24688107 | O25: =+O24/O15 -> 0.31222866 | P25: =+P24/P15 -> -0.36326175 | R25: =+R24/R15 -> 0.15788264 | S25: =+S24/S15 -> -0.10487407 | T25: =+T24/T15 -> 0.21747069 | V25: =+V24/V15+0.0001 -> 0.10096229 | X25: =+X24/Income!X15 -> -0.16525864 | Y25: =+Y24/Y15+0.0001 -> 0.075365954 | Z25: =+Z24/Z15+0.0001 -> 0.1543446 | AA25: =+AA24/AA15+0.0001 -> 0.25581928

Sheet Metrics
A1: info
C2: Key Metrics
X3: Book (Drivers tab)
C4: In millions | X4: Originate | Y4: Originate | Z4: Originate | AA4: On-hand
E5: Source | H5: Strategy | K5: Market | N5: Product | R5: Distribution Channel | X5: Sell | Y5: Sell | Z5: Monetize | AA5: Monetize
E6: Originate | F6: On-hand | H6: Sell | I6: Monetize | K6: Home | L6: Business | N6: FHA | O6: Conform | P6: Jumbo | R6: Retail | S6: Whsale | T6: Call Ctr | V6: Total | X6: Home | Y6: Business | Z6: Business | AA6: Business
C8: Origination Margin
C9: Origination volume | E9: =(Income!V8) -> 500 | H9: =(Income!H8) -> 250 | I9: =(Income!I8) -> 250 | K9: =(Income!K8) -> 150 | L9: =(Income!L8) -> 350 | N9: =(Income!N8) -> 162.5 | O9: =(Income!O8) -> 179.772 | P9: =(Income!P8) -> 157.728 | R9: =(Income!R8) -> 159 | S9: =(Income!S8) -> 186.5 | T9: =(Income!T8) -> 154.5 | V9: =(Income!V8) -> 500 | X9: =(Income!X8) -> 150 | Y9: =(Income!Y8) -> 100 | Z9: =(Income!Z8) -> 250
C10: + App & Orig fees | E10: =SUM(Income!E12:E13) -> 11.697044 | F10: — | H10: =SUM(Income!H12:H13) -> 5.829544 | I10: =SUM(Income!I12:I13) -> 5.8675 | K10: =SUM(Income!K12:K13) -> 3.488544 | L10: =SUM(Income!L12:L13) -> 8.2085 | N10: =SUM(Income!N12:N13) -> 3.575 | O10: =SUM(Income!O12:O13) -> 4.4943 | P10: =SUM(Income!P12:P13) -> 3.627744 | R10: =SUM(Income!R12:R13) -> 3.7159894 | S10: =SUM(Income!S12:S13) -> 4.3664464 | T10: =SUM(Income!T12:T13) -> 3.6146082 | V10: =SUM(Income!V12:V13) -> 11.697044 | X10: =SUM(Income!X12:X13) -> 3.488544 | Y10: =SUM(Income!Y12:Y13) -> 2.341 | Z10: =SUM(Income!Z12:Z13) -> 5.8675 | AA10: —
C11: - Referral & Commisn's | E11: =-SUM(Income!E16:E17) -> -8.28864 | H11: =-SUM(Income!H16:H17) -> -4.16364 | I11: =-SUM(Income!I16:I17) -> -4.125 | K11: =-SUM(Income!K16:K17) -> -2.49864 | L11: =-SUM(Income!L16:L17) -> -5.79 | N11: =-SUM(Income!N16:N17) -> -2.4375 | O11: =-SUM(Income!O16:O17) -> -2.69658 | P11: =-SUM(Income!P16:P17) -> -3.15456 | R11: =-SUM(Income!R16:R17) -> -2.6381016 | S11: =-SUM(Income!S16:S17) -> -3.0893964 | T11: =-SUM(Income!T16:T17) -> -2.561142 | V11: =-SUM(Income!V16:V17) -> -8.28864 | X11: =-SUM(Income!X16:X17) -> -2.49864 | Y11: =-SUM(Income!Y16:Y17) -> -1.665 | Z11: =-SUM(Income!Z16:Z17) -> -4.125
C12: Net Margin | E12: =SUM(E10:E11) -> 3.408404 | F12: — | H12: =SUM(H10:H11) -> 1.665904 | I12: =SUM(I10:I11) -> 1.7425 | K12: =SUM(K10:K11) -> 0.989904 | L12: =SUM(L10:L11) -> 2.4185 | N12: =SUM(N10:N11) -> 1.1375 | O12: =SUM(O10:O11) -> 1.79772 | P12: =SUM(P10:P11) -> 0.473184 | R12: =SUM(R10:R11) -> 1.0778878 | S12: =SUM(S10:S11) -> 1.27705 | T12: =SUM(T10:T11) -> 1.0534662 | V12: =SUM(V10:V11) -> 3.408404 | X12: =SUM(X10:X11) -> 0.989904 | Y12: =SUM(Y10:Y11) -> 0.676 | Z12: =SUM(Z10:Z11) -> 1.7425 | AA12: —
C13: per $1,000 volume | E13: =E12/(E9/1000) -> 6.816808 | H13: =H12/(H9/1000) -> 6.663616 | I13: =I12/(I9/1000) -> 6.97 | K13: =K12/(K9/1000) -> 6.59936 | L13: =L12/(L9/1000) -> 6.91 | N13: =N12/(N9/1000) -> 7 | O13: =O12/(O9/1000) -> 10 | P13: =P12/(P9/1000) -> 3 | R13: =R12/(R9/1000) -> 6.7791683 | S13: =S12/(S9/1000) -> 6.8474533 | T13: =T12/(T9/1000) -> 6.8185515 | V13: =V12/(V9/1000) -> 6.816808 | X13: =X12/(X9/1000) -> 6.59936 | Y13: =Y12/(Y9/1000) -> 6.76 | Z13: =Z12/(Z9/1000) -> 6.97
C15: Breakeven Volume
C16: Loan Volume | E16: =SUM(Income!E8:E9) -> 500 | F16: =SUM(Income!F8:F9) -> 300 | H16: =SUM(Income!H8:H9) -> 250 | I16: =SUM(Income!I8:I9) -> 550 | K16: =SUM(Income!K8:K9) -> 150 | L16: =SUM(Income!L8:L9) -> 650 | N16: =SUM(Income!N8:N9) -> 342.5 | O16: =SUM(Income!O8:O9) -> 269.772 | P16: =SUM(Income!P8:P9) -> 187.728 | R16: =SUM(Income!R8:R9) -> 234 | S16: =SUM(Income!S8:S9) -> 231.5 | T16: =SUM(Income!T8:T9) -> 334.5 | V16: =SUM(Income!V8:V9) -> 800 | X16: =SUM(Income!X8:X9) -> 150 | Y16: =SUM(Income!Y8:Y9) -> 100 | Z16: =SUM(Income!Z8:Z9) -> 250 | AA16: =SUM(Income!AA8:AA9) -> 300
C17: Revenue | E17: =Income!E15 -> 48.28039 | F17: =Income!F15 -> 19.7955 | H17: =Income!H15 -> 25.29314 | I17: =Income!I15 -> 42.78275 | K17: =Income!K15 -> 15.15509 | L17: =Income!L15 -> 52.9208 | N17: =Income!N15 -> 25.85025 | O17: =Income!O15 -> 23.424926 | P17: =Income!P15 -> 18.800714 | R17: =Income!R15 -> 20.432454 | S17: =Income!S15 -> 20.849386 | T17: =Income!T15 -> 26.794051 | V17: =Income!V15 -> 68.07589 | X17: =Income!X15 -> 15.15509 | Y17: =Income!Y15 -> 10.13805 | Z17: =Income!Z15 -> 22.98725 | AA17: =Income!AA15 -> 19.7955
C18: - COGS | E18: =-Income!E18 -> -8.28864 | F18: =-Income!F18 -> 0 | H18: =-Income!H18 -> -4.16364 | I18: =-Income!I18 -> -4.125 | K18: =-Income!K18 -> -2.49864 | L18: =-Income!L18 -> -5.79 | N18: =-Income!N18 -> -2.4375 | O18: =-Income!O18 -> -2.69658 | P18: =-Income!P18 -> -3.15456 | R18: =-Income!R18 -> -2.6381016 | S18: =-Income!S18 -> -3.0893964 | T18: =-Income!T18 -> -2.561142 | V18: =-Income!V18 -> -8.28864 | X18: =-Income!X18 -> -2.49864 | Y18: =-Income!Y18 -> -1.665 | Z18: =-Income!Z18 -> -4.125 | AA18: =-Income!AA18 -> 0
C19: - Overhead | E19: =-Income!E20 -> -26.04096 | F19: =-Income!F20 -> -11.1 | H19: =-Income!H20 -> -13.29096 | I19: =-Income!I20 -> -23.85 | K19: =-Income!K20 -> -7.98096 | L19: =-Income!L20 -> -29.16 | N19: =-Income!N20 -> -10.275 | O19: =-Income!O20 -> -8.09316 | P19: =-Income!P20 -> -18.7728 | R19: =-Income!R20 -> -11.088422 | S19: =-Income!S20 -> -11.34655 | T19: =-Income!T20 -> -14.705988 | V19: =-Income!V20 -> -37.14096 | X19: =-Income!X20 -> -7.98096 | Y19: =-Income!Y20 -> -5.31 | Z19: =-Income!Z20 -> -12.75 | AA19: =-Income!AA20 -> -11.1
C20: Contribution margin | E20: =SUM(E17:E19) -> 13.95079 | F20: =SUM(F17:F19) -> 8.6955 | H20: =SUM(H17:H19) -> 7.8385404 | I20: =SUM(I17:I19) -> 14.80775 | K20: =SUM(K17:K19) -> 4.6754904 | L20: =SUM(L17:L19) -> 17.9708 | N20: =SUM(N17:N19) -> 13.13775 | O20: =SUM(O17:O19) -> 12.635186 | P20: =SUM(P17:P19) -> -3.1266456 | R20: =SUM(R17:R19) -> 6.7059298 | S20: =SUM(S17:S19) -> 6.41344 | T20: =SUM(T17:T19) -> 9.5269206 | V20: =SUM(V17:V19) -> 22.64629 | X20: =SUM(X17:X19) -> 4.6754904 | Y20: =SUM(Y17:Y19) -> 3.16305 | Z20: =SUM(Z17:Z19) -> 6.11225 | AA20: =SUM(AA17:AA19) -> 8.6955
C21: Fixed Costs | E21: =SUM(Income!E21:E22) -> 12.146591 | F21: =SUM(Income!F21:F22) -> 3.6334091 | H21: =SUM(Income!H21:H22) -> 9.58 | I21: =SUM(Income!I21:I22) -> 6.2 | K21: =SUM(Income!K21:K22) -> 7.18 | L21: =SUM(Income!L21:L22) -> 8.6 | N21: =SUM(Income!N21:N22) -> 6.7558125 | O21: =SUM(Income!O21:O22) -> 5.3212527 | P21: =SUM(Income!P21:P22) -> 3.7029348 | R21: =SUM(Income!R21:R22) -> 3.48 | S21: =SUM(Income!S21:S22) -> 8.6 | T21: =SUM(Income!T21:T22) -> 3.7 | V21: =SUM(Income!V21:V22) -> 15.78 | X21: =SUM(Income!X21:X22) -> 7.18 | Y21: =SUM(Income!Y21:Y22) -> 2.4 | Z21: =SUM(Income!Z21:Z22) -> 2.5665909 | AA21: =SUM(Income!AA21:AA22) -> 3.6334091
C22: Net Breakeven | E22: =E21/E20*E16 -> 435.33702 | F22: =F21/F20*F16 -> 125.35481 | H22: =H21/H20*H16 -> 305.54158 | I22: =I21/I20*I16 -> 230.28482 | K22: =K21/K20*K16 -> 230.35017 | L22: =L21/L20*L16 -> 311.06016 | N22: =N21/N20*N16 -> 176.12344 | O22: =O21/O20*O16 -> 113.61328 | P22: =P21/P20*P16 -> -222.32918 | Q22: =Q21/Q20*Q16 -> #DIV/0! | R22: =R21/R20*R16 -> 121.43283 | S22: =S21/S20*S16 -> 310.42623 | T22: =T21/T20*T16 -> 129.91081 | V22: =V21/V20*V16 -> 557.44229 | X22: =X21/X20*X16 -> 230.35017 | Y22: =Y21/Y20*Y16 -> 75.876132 | Z22: =Z21/Z20*Z16 -> 104.97734 | AA22: =AA21/AA20*AA16 -> 125.35481
C24: Revenue Mix
C25: Interest | E25: =Income!E10 -> 22.475346 | F25: =Income!F10 -> 17.352 | H25: =Income!H10 -> 7.324096 | I25: =Income!I10 -> 32.50325 | K25: =Income!K10 -> 4.386096 | L25: =Income!L10 -> 35.44125 | N25: =Income!N10 -> 16.255125 | O25: =Income!O10 -> 13.454241 | P25: =Income!P10 -> 10.11798 | R25: =Income!R10 -> 11.029847 | S25: =Income!S10 -> 11.433422 | T25: =Income!T10 -> 17.364076 | V25: =Income!V10 -> 39.827346 | X25: =Income!X10 -> 4.386096 | Y25: =Income!Y10 -> 2.938 | Z25: =Income!Z10 -> 15.15125 | AA25: =Income!AA10 -> 17.352
C26: Gain on Sale | E26: =Income!E11 -> 10 | F26: =Income!F11 -> 0 | H26: =Income!H11 -> 10 | I26: =Income!I11 -> 0 | K26: =Income!K11 -> 6 | L26: =Income!L11 -> 4 | N26: =Income!N11 -> 3.4 | O26: =Income!O11 -> 3.29088 | P26: =Income!P11 -> 3.30912 | R26: =Income!R11 -> 3.76 | S26: =Income!S11 -> 3.16 | T26: =Income!T11 -> 3.08 | V26: =Income!V11 -> 10 | X26: =Income!X11 -> 6 | Y26: =Income!Y11 -> 4 | Z26: =Income!Z11 -> 0 | AA26: =Income!AA11 -> 0
C27: App + Orig fees | E27: =SUM(Income!E12:E13) -> 11.697044 | F27: =SUM(Income!F12:F13) -> 0 | H27: =SUM(Income!H12:H13) -> 5.829544 | I27: =SUM(Income!I12:I13) -> 5.8675 | K27: =SUM(Income!K12:K13) -> 3.488544 | L27: =SUM(Income!L12:L13) -> 8.2085 | N27: =SUM(Income!N12:N13) -> 3.575 | O27: =SUM(Income!O12:O13) -> 4.4943 | P27: =SUM(Income!P12:P13) -> 3.627744 | R27: =SUM(Income!R12:R13) -> 3.7159894 | S27: =SUM(Income!S12:S13) -> 4.3664464 | T27: =SUM(Income!T12:T13) -> 3.6146082 | V27: =SUM(Income!V12:V13) -> 11.697044 | X27: =SUM(Income!X12:X13) -> 3.488544 | Y27: =SUM(Income!Y12:Y13) -> 2.341 | Z27: =SUM(Income!Z12:Z13) -> 5.8675 | AA27: =SUM(Income!AA12:AA13) -> 0
C28: Servicing Fees | E28: =Income!E14 -> 4.1080004 | F28: =Income!F14 -> 2.4435 | H28: =Income!H14 -> 2.1395004 | I28: =Income!I14 -> 4.412 | K28: =Income!K14 -> 1.2804504 | L28: =Income!L14 -> 5.27105 | N28: =Income!N14 -> 2.620125 | O28: =Income!O14 -> 2.185505 | P28: =Income!P14 -> 1.7458704 | R28: =Income!R14 -> 1.9266172 | S28: =Income!S14 -> 1.8895171 | T28: =Income!T14 -> 2.7353661 | V28: =Income!V14 -> 6.5515004 | X28: =Income!X14 -> 1.2804504 | Y28: =Income!Y14 -> 0.85905 | Z28: =Income!Z14 -> 1.9685 | AA28: =Income!AA14 -> 2.4435
C29: Non-iterest revenue | E29: =SUM(E26:E28) -> 25.805044 | F29: =SUM(F26:F28) -> 2.4435 | H29: =SUM(H26:H28) -> 17.969044 | I29: =SUM(I26:I28) -> 10.2795 | K29: =SUM(K26:K28) -> 10.768994 | L29: =SUM(L26:L28) -> 17.47955 | N29: =SUM(N26:N28) -> 9.595125 | O29: =SUM(O26:O28) -> 9.970685 | P29: =SUM(P26:P28) -> 8.6827344 | R29: =SUM(R26:R28) -> 9.4026065 | S29: =SUM(S26:S28) -> 9.4159635 | T29: =SUM(T26:T28) -> 9.4299743 | V29: =SUM(V26:V28) -> 28.248544 | X29: =SUM(X26:X28) -> 10.768994 | Y29: =SUM(Y26:Y28) -> 7.20005 | Z29: =SUM(Z26:Z28) -> 7.836 | AA29: =SUM(AA26:AA28) -> 2.4435
C30: Non-Interest Income Ratio | E30: =E29/(E29+E25) -> 0.53448293 | F30: =F29/(F29+F25) -> 0.12343714 | H30: =H29/(H29+H25) -> 0.71043153 | I30: =I29/(I29+I25) -> 0.24027207 | K30: =K29/(K29+K25) -> 0.71058596 | L30: =L29/(L29+L25) -> 0.33029641 | N30: =N29/(N29+N25) -> 0.37118113 | O30: =O29/(O29+O25) -> 0.42564425 | P30: =P29/(P29+P25) -> 0.46183002 | R30: =R29/(R29+R25) -> 0.46018 | S30: =S29/(S29+S25) -> 0.45161827 | T30: =T29/(T29+T25) -> 0.35194284 | V30: =V29/(V29+V25) -> 0.41495666 | X30: =X29/(X29+X25) -> 0.71058596 | Y30: =Y29/(Y29+Y25) -> 0.71020068 | Z30: =Z29/(Z29+Z25) -> 0.34088462 | AA30: =AA29/(AA29+AA25) -> 0.12343714
C31: Revenue Concentration Index | E31: =(E25/E$17)^2+(E26/E$17)^2+(E27/E$17)^2+(E28/E$17)^2 -> 0.32554224 | F31: =(F25/F$17)^2+(F26/F$17)^2+(F27/F$17)^2+(F28/F$17)^2 -> 0.78359917 | H31: =(H25/H$17)^2+(H26/H$17)^2+(H27/H$17)^2+(H28/H$17)^2 -> 0.30043852 | I31: =(I25/I$17)^2+(I26/I$17)^2+(I27/I$17)^2+(I28/I$17)^2 -> 0.60663056 | K31: =(K25/K$17)^2+(K26/K$17)^2+(K27/K$17)^2+(K28/K$17)^2 -> 0.30062828 | L31: =(L25/L$17)^2+(L26/L$17)^2+(L27/L$17)^2+(L28/L$17)^2 -> 0.48819547 | N31: =(N25/N$17)^2+(N26/N$17)^2+(N27/N$17)^2+(N28/N$17)^2 -> 0.4421118 | O31: =(O25/O$17)^2+(O26/O$17)^2+(O27/O$17)^2+(O28/O$17)^2 -> 0.39513564 | P31: =(P25/P$17)^2+(P26/P$17)^2+(P27/P$17)^2+(P28/P$17)^2 -> 0.3664626 | R31: =(R25/R$17)^2+(R26/R$17)^2+(R27/R$17)^2+(R28/R$17)^2 -> 0.36723595 | S31: =(S25/S$17)^2+(S26/S$17)^2+(S27/S$17)^2+(S28/S$17)^2 -> 0.3757673 | T31: =(T25/T$17)^2+(T26/T$17)^2+(T27/T$17)^2+(T28/T$17)^2 -> 0.46181279 | V31: =(V25/V$17)^2+(V26/V$17)^2+(V27/V$17)^2+(V28/V$17)^2 -> 0.40263895 | X31: =(X25/X$17)^2+(X26/X$17)^2+(X27/X$17)^2+(X28/X$17)^2 -> 0.30062828 | Y31: =(Y25/Y$17)^2+(Y26/Y$17)^2+(Y27/Y$17)^2+(Y28/Y$17)^2 -> 0.3001564 | Z31: =(Z25/Z$17)^2+(Z26/Z$17)^2+(Z27/Z$17)^2+(Z28/Z$17)^2 -> 0.506919 | AA31: =(AA25/AA$17)^2+(AA26/AA$17)^2+(AA27/AA$17)^2+(AA28/AA$17)^2 -> 0.78359917

Sheet Analysis
A1: info
C2: Analysis
C5: Driver Sensitivity | G5: Loan Volume splits | I5: Operating Income splits
C6: % increase in Operating Income when a driver's value increases by 1% | G6: =Drivers!DE13 -> Total = $800m | I6: =Drivers!DM13 -> Total = $6.9m
